AoeStats
← MGtheEvil

Arabia

510812542Analyzed
2v2 RM · 1d ago on Oct 2, 2026· 21m 35s· 4 players
Game mode
Random Map
Map size
Medium (4 player)
Population
200
Speed
Normal
Resources
Standard
Victory
Conquest
Starting age
Dark Age
Ending age
Imperial Age
RankedLock teamsTeams togetherTeam positionsShared explorationLock speedFull tech treeHidden civsTurbo modeCheats
Victory
Defeat
🇩🇪 Romans · Germany
849
+15
🇩🇪 Varangians · Germany
849
+15
🇧🇩 Koreans · Bangladesh
835
-15
🇧🇩 Slavs · Bangladesh
835
-15
MGtheEvil
5:58 Loom
11:39 Feudal Age
16:01 Horse Collar
16:14 Stone Mining
20:44 Double-Bit Axe
20:52 Gold Mining
Nayem
3:16 Loom
12:12 Feudal Age
14:13 Man-at-Arms
16:58 Double-Bit Axe
kleinerMangosaft
11:06 Feudal Age
11:19 Loom
12:31 Loom
16:23 Castle Age
16:32 Double-Bit Axe
16:28 Horse Collar
19:20 Wheelbarrow
21:23 Gambesons
NotRealMee
6:59 Loom
9:47 Feudal Age
10:33 Man-at-Arms
13:39 Scale Mail Armor
Connection lost

Rejoining the realm…

Still unreachable

The connection could not be restored.

Session expired

The server has moved on; the page needs a fresh start.